 Dungeon Crawl Stone Soup version 0.31-a0-569-g7ea453304b (webtiles) character file.

Game seed: 7741963848410349509

568 JackS81 the Digger (level 7, -3/60 HPs)
             Began as a Gargoyle Earth Elementalist on Aug 18, 2023.
             Was an Initiate of Cheibriados.
             Slain by an orc
             ... wielding a +0 whip
              (5 damage)
             ... on level 5 of the Dungeon.
             The game lasted 00:14:11 (3664 turns).

JackS81 the Digger (Gargoyle Earth Elementalist)    Turns: 3664, Time: 00:14:12

Health: -3/60      AC: 27    Str: 13    XL:     7   Next: 33%
Magic:  3/12       EV:  2    Int: 18    God:    Cheibriados [......]
Gold:   247        SH:  0    Dex: 11    Spells: 5/13 levels left

rFire   . . .        d - +0 dagger (drain)
rCold   + . .        (no shield)
rNeg    + . .        a - melded +0 robe
rPois   ∞            (helmet currently unavailable)
rElec   .            (cloak currently unavailable)
rCorr   .            (gloves currently unavailable)
SInv    .            (boots currently unavailable)
Will    +....        f - amulet of regeneration
Stlth   ++           h - ring of protection from cold
HPRegen 1.10/turn    u - +4 ring of protection
MPRegen 0.13/turn

%: no passive effects
@: tree-form, attractive, enlightened, very slow
A: stationary, stasis, torment immunity, boosted hp, sickness immunity, AC +4,
negative energy resistance 1, (electricity resistance), torment resistance 1,
petrification resistance
a: Renounce Religion


You were on level 5 of the Dungeon.
You worshipped Cheibriados.
Cheibriados was noncommittal.
You were a tree.
You visited 2 branches of the dungeon, and saw 6 of its levels.

You collected 247 gold pieces.

Inventory:

Hand Weapons
 d - a +0 dagger of draining (weapon)
Missiles
 p - 18 stones
Armour
 a - a +0 robe (melded)
 c - a +1 ring mail of poison resistance
Jewellery
 f - an amulet of regeneration (around neck)
 h - a ring of protection from cold (left branch)
 u - a +4 ring of protection (right branch)
Scrolls
 e - a scroll of fear {unknown}
 g - a scroll of enchant armour {unknown}
 i - a scroll of poison {unknown}
 k - 3 scrolls of vulnerability {unknown}
 m - a scroll of revelation {unknown}
 n - a scroll of fog {unknown}
 r - a scroll of enchant weapon {unknown}
 t - a scroll of immolation {unknown}
 v - a scroll of teleportation {unknown}
Potions
 b - a potion of magic
 j - a potion of enlightenment
 l - a potion of attraction
 o - a potion of haste {unknown}
 q - a potion of might {unknown}
 w - a potion of curing {unknown}


   Skills:
 - Level 2.0 Fighting
 + Level 2.3 Short Blades
 - Level 1.5 Dodging
 + Level 4.0 Stealth
 * Level 3.5 Spellcasting
 * Level 3.0 Conjurations
 - Level 0.7 Transmutations
 * Level 6.0 Earth Magic


You had 5 spell levels left.
You knew the following spells:

 Your Spells              Type           Power      Damage    Failure   Level
a - Sandblast             Erth           48%        2d12      1%          1
b - Stone Arrow           Conj/Erth      38%        3d9       7%          3
c - Momentum Strike       Conj/Tloc      16%        3d8       12%         2
d - Blink                 Tloc           6%         N/A       22%         2

Your spell library contained the following spells:

 Spells                   Type           Power      Damage    Failure   Level
 Passwall                 Tmut/Erth      12%        N/A       6%          2
 Kiss of Death            Conj/Necr      32%        2d7       9%          1
 Sting                    Tmut/Pois      16%        1d3       14%         1
 Lesser Beckoning         Tloc           6%         N/A       22%         2
 Poisonous Vapours        Pois/Air       6%         N/A       24%         2
 Petrify                  Tmut/Erth      15%        N/A       36%         4
 Confusing Touch          Hex            3%         N/A       43%         3
 Dispel Undead            Necr           3%         3d7       83%         4
 Olgreb's Toxic Radiance  Pois           3%         N/A       83%         4


Dungeon Overview and Level Annotations

Branches:
Dungeon (5/15)             Temple (1/1) D:4

Altars:
Ashenzari
Cheibriados
Dithmenos
Elyvilon
Kikubaaqudgha
Nemelex Xobeh
Ru
Trog
Zin
The Shining One


Innate Abilities, Weirdness & Mutations

You are a tree.
Your roots penetrate the ground, keeping you stationary.
You cannot be teleported.
You are immune to unholy pain and torment.
Your maximum health is greatly increased.
Your equipment is partially melded.
You are immune to sickness and miasma.
((Your stone body is resilient. (AC +4)))
You are immune to poison.
You resist negative energy. (rN+)
((You are resistant to electric shocks. (rElec)))
You are resistant to unholy torment.
You are immune to petrification.


Message History

The orc warrior hits you with a +2 halberd of venom.
* * * LOW HITPOINT WARNING * * *
The orc is attracted toward you.
It was a potion of lignification.
You turn into a tree.
Your +0 robe melds into your body.
Your roots penetrate the ground.
An orc comes into view. It is wielding a +0 club.
The orc warrior hits you with a +2 halberd of venom!
* * * LOW HITPOINT WARNING * * *
The orc is attracted toward you. x2
You closely miss the orc warrior.
The orc warrior is heavily wounded.
The orc shouts!
The orc warrior hits you but does no damage.
You hit the orc warrior but do no damage.
The orc warrior is heavily wounded.
The orc warrior hits you but does no damage.
You hit the orc warrior. You drain the orc warrior.
The orc warrior is severely wounded.
You hit the orc warrior but do no damage.
The orc warrior is severely wounded.
The orc hits you but does no damage.
The orc warrior hits you but does no damage.
The orc hits you but does no damage.
You hit the orc warrior. You drain the orc warrior.
You kill the orc warrior!
Cheibriados appreciates the change of pace.
The orc hits you with a +0 whip.
* * * LOW HITPOINT WARNING * * *
The orc hits you but does no damage.
Your Stealth skill increases to level 4!
Your Conjurations skill increases to level 3!
Your Earth Magic skill increases to level 6!
You completely miss the orc. The orc hits you but does no damage. x2
You hit the orc but do no damage. You drain the orc.
The orc is heavily wounded.
The orc hits you with a +0 whip.
* * * LOW HITPOINT WARNING * * *
The orc hits you but does no damage.
You closely miss the orc. The orc hits you with a +0 whip.
You die...

# ##### #+# #
##...###..### #
#.>.........# #
#...........# #
#...........# #
+...........# . #
#...........# ..##
#.)♣o.......# ....
###)o.####### .##
.####...###..#########
........)......#....+.
...............#....##
................#....##
................'......
.o..............#......
...$............#......


You could see 2 orcs.

Vanquished Creatures
  An orc warrior (D:5)
  2 scorpions (D:4)
  2 hounds
  2 iguanas (D:4)
  2 sleepcaps (D:5)
  An orc wizard (D:5)
  4 adders
  A white imp (D:3)
  2 worms
  2 dart slugs
  6 orcs
  10 endoplasms
  5 giant cockroaches
  8 goblins
  13 hobgoblins
  7 jackals
  10 kobolds
  5 quokkas
  7 ball pythons
  7 bats
  6 frilled lizards
  9 rats
112 creatures vanquished.

Notes
Turn   | Place    | Note
-------+----------+-------------------------------------------
     0 | D:1      | JackS81 the Gargoyle Earth Elementalist began the quest for
                  | the Orb.
     0 | D:1      | Reached XP level 1. HP: 10/10 MP: 3/3
    11 | D:1      | Noticed a merfolk zombie
   130 | D:1      | Reached XP level 2. HP: 16/16 MP: 5/5
   171 | D:1      | Reached skill level 4 in Earth Magic
   260 | D:1      | Reached skill level 1 in Fighting
   380 | D:1      | Reached XP level 3. HP: 20/20 MP: 6/6
   913 | D:2      | Learned a level 3 spell: Stone Arrow
   920 | D:2      | Reached XP level 4. HP: 21/25 MP: 4/7
  1256 | D:2      | Reached skill level 1 in Short Blades
  1663 | D:3      | Found a shadowy altar of Dithmenos.
  1902 | D:3      | Reached skill level 5 in Earth Magic
  1902 | D:3      | Reached XP level 5. HP: 26/30 MP: 5/8
  2006 | D:3      | Found a faded altar of an unknown god.
  2755 | D:4      | Reached skill level 1 in Conjurations
  2826 | D:4      | Found an ancient bone altar of Kikubaaqudgha.
  2846 | D:4      | Found a staircase to the Ecumenical Temple.
  2864 | D:4      | Reached XP level 6. HP: 16/35 MP: 1/10
  3067 | Temple   | Entered the Ecumenical Temple
  3161 | D:4      | Learned a level 2 spell: Momentum Strike
  3164 | D:4      | Learned a level 2 spell: Blink
  3245 | D:4      | Found a snail-covered altar of Cheibriados.
  3276 | D:4      | Became a worshipper of Cheibriados the Contemplative
  3429 | D:5      | Entered Level 5 of the Dungeon
  3595 | D:5      | Reached XP level 7. HP: 40/40 MP: 8/11
  3656 | D:5      | HP: 1/60 [orc warrior/+2 halberd of venom (8)]
  3662 | D:5      | Reached skill level 6 in Earth Magic
  3663 | D:5      | HP: 1/60 [orc/+0 whip (5)]
  3664 | D:5      | Slain by an orc

Illustrated notes

Levels and vault maps discovered:
D:1:      shiori_arrival_whats_in_store_for_you, layout_loops_ring,
          minmay_quantized
D:2:      layout_loops_ring
D:3:      layout_basic, nicolae_dithmenos_the_darkroom,
          chequers_ecumenical_altar_grove
D:4:      layout_basic, nicolae_kikubaaqudgha_miasma_corner,
          kennysheep_slug_shrine, temple_fountains
D:5:      layout_gridville, uniq_ijyb
Temple:   nicolae_temple_superstar

Skill      XL: |  1  2  3  4  5  6  7 |
---------------+----------------------+-----
Earth Magic    | 4 5 6 |  6.0
Fighting       | 1 2 |  2.0
Short Blades   | 1 2 |  2.3
Stealth        | 3 4 |  4.0
Conjurations   | 1 2 3 |  3.0
Spellcasting   | 3 |  3.5
Dodging        | |  1.5
Transmutations | |  0.7

Action                     |  1- 3 |  4- 6 |  7- 9 || total
---------------------------+-------+-------+-------++-------
  Melee: Dagger            |   124 |   213 |    10 ||   347
         Short sword       |     4 |       |       ||     4
         Punch             |     2 |     3 |       ||     5
   Cast: Sandblast         |     3 |    20 |     2 ||    25
         Stone Arrow       |       |     1 |     2 ||     3
         Momentum Strike   |       |     1 |     1 ||     2
    Use: Potion            |       |       |     3 ||     3
   Stab: Sleeping          |     5 |    13 |       ||    18
 Armour: Robe              |    49 |    61 |     1 ||   111
         Skin              |       |       |     9 ||     9
  Dodge: Dodged            |    65 |   109 |     2 ||   176

Table legend: (Time is in decaauts)
 A = Elapsed time spent in this place.
 B = Non-inter-level travel time spent in this place.
 C = Inter-level travel time spent in this place.
 D = Time resting spent in this place.
 E = Time spent auto-exploring this place.
 F = Levels seen in this place.
 G = Mean time per level.
                   A        B        C        D        E       F      G
               +--------+--------+--------+--------+--------+-----+--------+
         Total |   3735 |   3634 |    101 |     72 |   2634 |   6 |  622.5 |
       Dungeon |   3733 |   3633 |    100 |     72 |   2634 |   5 |  746.6 |
        Temple |      1 |      1 |      0 |      0 |      0 |   1 |    1.0 |
               +--------+--------+--------+--------+--------+-----+--------+

Top non-repeatable levels by time:
     D:1: 907 daAuts
     D:4: 904 daAuts
     D:3: 903 daAuts
     D:2: 748 daAuts
     D:5: 270 daAuts
  Temple: 1 daAuts
